 Dungeon Crawl Stone Soup version 0.28.0-53-g5a82cb258f (webtiles) character file.

Game seed: 1257005802568698566

2080 buhh the Changer (level 9, -6/67 HPs)
             Began as an Octopode Transmuter on June 15, 2022.
             Was a Follower of Cheibriados.
             Killed from afar by Pikel (35 damage)
             ... with a bolt of acid
             ... on level 5 of the Dungeon.
             The game lasted 00:27:20 (9954 turns).

buhh the Changer (Octopode Transmuter)              Turns: 9954, Time: 00:27:21

Health: -6/67      AC:  5    Str: 13    XL:     9   Next: 26%
Magic:  0/21       EV: 10    Int: 22    God:    Cheibriados [*.....]
Gold:   282        SH:  0    Dex: 15    Spells: 2/12 levels left

rFire   x . .      SeeInvis .     - Unarmed
rCold   + + +      Faith    .   (shield currently unavailable)
rNeg    . . .      Spirit   +   (helmet currently unavailable)
rPois   +          Reflect  .   r - amulet of guardian spirit
rElec   .          Harm     .   p - ring of magical power
rCorr   .          Rampage  .   (no ring)
Will    .....                   (no ring)
Stlth   ++........              (no ring)
HPRegen 0.21/turn               (no ring)
MPRegen 0.17/turn               (no ring)
                                (no ring)
                                (no ring)

@: ice-form (expiring), corroded, very slow
A: freezing attack, boosted hp, almost no armour, amphibious, 8 rings, large,
(camouflage 1), (gelatinous body 1), (nimble swimmer 1), (tentacles)
a: End Transformation, Renounce Religion, Bend Time


You were on level 5 of the Dungeon.
You worshipped Cheibriados.
Cheibriados was aware of your devotion.
You were a creature of crystalline ice.
You visited 2 branches of the dungeon, and saw 9 of its levels.

You collected 366 gold pieces.
You spent 84 gold pieces at shops.

Inventory:

Missiles
 i - 12 poisoned darts
 j - 12 boomerangs
 n - 2 throwing nets {!f}
Jewellery
 d - an amulet of magic regeneration
 p - a ring of magical power (left front paw)
 r - an amulet of guardian spirit (around neck)
Scrolls
 c - a scroll of acquirement {unknown}
 f - a scroll of magic mapping {unknown}
 h - a scroll of fog {unknown}
 l - 2 scrolls of noise {unknown}
 m - 2 scrolls of enchant armour {unknown}
 q - 2 scrolls of blinking {unknown}
 t - a scroll of teleportation {!d}
 v - 2 scrolls of fear {!r}
 X - 2 scrolls of amnesia
Potions
 a - a potion of might {unknown}
 b - a potion of magic {unknown}
 e - a potion of lignification {unknown}
 k - 2 potions of brilliance {unknown}
 s - a potion of ambrosia {unknown}
 u - 2 potions of attraction
 N - a potion of curing {!q!d}


   Skills:
 * Level 3.0 Fighting
 * Level 2.0 Dodging
 - Level 1.0 Stealth
 - Level 6.0 Unarmed Combat
 - Level 2.0 Spellcasting
 * Level 7.7 Transmutations
 + Level 6.9 Ice Magic


You had 2 spell levels left.
You knew the following spells:

 Your Spells              Type           Power      Damage    Failure   Level
a - Beastly Appendage     Tmut           72%        N/A       1%          1
b - Wereblood             Tmut           36%        N/A       1%          2
c - Ice Form              Ice/Tmut       34%        N/A       7%          4
d - Spider Form           Tmut/Pois      19%        N/A       9%          3

Your spell library contained the following spells:

 Spells                   Type           Power      Damage    Failure   Level
 Static Discharge         Conj/Air       2%         N/A       21%         2
 Dispel Undead            Necr           2%         3d7       80%         4
 Sticky Flame             Conj/Fire      2%         2d3       80%         4


Dungeon Overview and Level Annotations

Branches:
Dungeon (8/15)             Temple (1/1) D:5
   Lair: D:8-11

Altars:
Ashenzari
Cheibriados
Elyvilon
Fedhas
Gozag
Hepliaklqana
Kikubaaqudgha
Nemelex Xobeh
Qazlal
Ru
Uskayaw
Vehumet
Xom
Yredelemnul
Zin

Shops:
D:1 [   D:2 ?   D:3 [   D:6 [

Annotations:
D:5 1 runed translucent door, exclusions: door and lemure, Crazy Yiuf, Ijyb, Pikel
D:6 exclusion: kobold demonologist
D:7 exclusion: steam dragon, Harold


Innate Abilities, Weirdness & Mutations

You are a creature of crystalline ice.
You have a powerful freezing melee attack.
Your maximum health is increased.
Your armour is entirely melded.
You are incapable of wielding weapons or throwing items.
You cannot wear most types of armour.
You are amphibious.
You can wear up to eight rings at the same time.
((Your skin changes colour to match your surroundings (Stealth+).))
((Your rubbery body absorbs attacks. (AC +1, EV +1)))
((You are camouflaged when in or above water. (Stealth+)))
((You have tentacles for arms and can constrict up to eight enemies at once.))


Message History

There is a stone staircase leading up here.
A centaur skeleton is nearby!
You pummel the centaur skeleton!! You freeze the centaur skeleton.
The centaur skeleton is severely damaged.
The centaur skeleton hits you but does no damage.
The centaur skeleton barely misses you.
You punch the centaur skeleton!
You destroy the centaur skeleton!
Cheibriados thoroughly appreciates the change of pace.
Partly explored, can't reach some places.
You miscast Ice Form.
You are very lightly contaminated with residual magic.
Nothing appears to happen.
A lemure comes into view.
The lemure moves out of view.
Your magical contamination has completely faded away.
Your transformation is almost over.
Pikel shouts!
Pikel zaps a wand.
The bolt of acid hits you!! The acid corrodes you!
There is a stone staircase leading up here.
Pikel completely misses you.
You punch Pikel! You freeze Pikel.
Pikel is heavily wounded.
Pikel hits you with a +2 whip of flaming.
Pikel melts you.
You hit Pikel but do no damage.
Pikel is heavily wounded.
You barely miss Pikel.
Pikel is heavily wounded.
Pikel hits you with a +2 whip of flaming.
Pikel melts you.
You barely miss Pikel.
Pikel is heavily wounded.
Pikel hits you with a +2 whip of flaming!
Pikel melts you.
You hit Pikel but do no damage.
Pikel is heavily wounded.
Pikel zaps a wand.
The bolt of acid hits you!!!
Ouch! That really hurt!
You die...

#.#>.#########....
#.#...............
#####.#...#######.[...
###.........#######.....
#...........##..........
#.#.###.#.#.##.####.....
#.#.# #.#....#.####.....
#.#.# #K#..#..........##
#.#.###Y##...#.######.#.
#....[<.................
#.#.##.#....##.######.#.
#.#.##.#.##.##.######.##
##.#.##...<..............
##....####..#.######.#####
##.#.#.####..#.# #.#
#.##.#.........# #.#
#.............## #.#


You could see Pikel.

Vanquished Creatures
  Grinder (D:5)
  A steam dragon (D:6)
  A sky beast (D:7)
  A hornet zombie (D:7)
  An ice beast (D:6)
  A necrophage (D:7)
  3 lemures (D:5)
  A bullfrog (D:8)
  A wyvern zombie (D:5)
  3 scorpions
  2 water moccasin skeletons (D:4)
  A bullfrog zombie (D:6)
  4 orc priests (D:6)
  4 hounds
  A bullfrog skeleton (D:6)
  3 centaur skeletons
  3 gnoll shamans
  4 iguanas
  4 orc wizards
  Robin (D:4)
  12 gnolls
  5 adders
  An ufetubus (D:6)
  An adder zombie (D:5)
  2 adder skeletons (D:4)
  2 worms
  2 dart slugs (D:1)
  21 orcs
  6 ball pythons
  11 endoplasms
  3 giant cockroaches
  14 goblins
  7 hobgoblins
  11 jackals
  3 quokkas
  6 bats
  4 frilled lizards
  9 kobolds
  3 rats
164 creatures vanquished.

Notes
Turn   | Place    | Note
-------+----------+-------------------------------------------
     0 | D:1      | buhh the Octopode Transmuter began the quest for the Orb.
     0 | D:1      | Reached XP level 1. HP: 13/13 MP: 3/3
   300 | D:1      | Reached XP level 2. HP: 17/18 MP: 3/5
   692 | D:1      | Reached XP level 3. HP: 20/24 MP: 6/6
   833 | D:1      | Found Xiwk's Antique Armour Shoppe.
  1104 | D:2      | Found a faded altar of an unknown god.
  1165 | D:2      | Reached XP level 4. HP: 26/30 MP: 5/7
  1365 | D:2      | Found Guenleyff's Magic Scroll Shop.
  1375 | D:2      | Bought a scroll of fear for 42 gold pieces
  1375 | D:2      | Bought a scroll of fear for 42 gold pieces
  1968 | D:3      | Found Teackiq's Armour Boutique.
  2055 | D:3      | Found a blossoming altar of Fedhas.
  2885 | D:3      | Reached XP level 5. HP: 10/36 MP: 6/8
  3670 | D:4      | Noticed Robin
  4071 | D:4      | Found a sacrificial altar of Ru.
  4148 | D:4      | Reached XP level 6. HP: 42/42 MP: 7/9
  4418 | D:4      | Learned a level 2 spell: Wereblood
  4423 | D:4      | Learned a level 4 spell: Ice Form
  4734 | D:4      | Reached XP level 7. HP: 44/46 MP: 10/10
  4871 | D:4      | Killed Robin
  5254 | D:5      | Entered Level 5 of the Dungeon
  5362 | D:5      | Noticed Ijyb
  5984 | D:5      | Found a staircase to the Ecumenical Temple.
  5998 | Temple   | Entered the Ecumenical Temple
  6056 | Temple   | Became a worshipper of Cheibriados the Contemplative
  6265 | D:5      | Found a runed translucent door.
  6266 | D:5      | Noticed Crazy Yiuf
  6410 | D:6      | Reached skill level 3 in Transmutations
  6619 | D:5      | Noticed Pikel
  6725 | D:6      | Found Olos's Antique Armour Emporium.
  6742 | D:6      | Reached XP level 8. HP: 50/52 MP: 11/11
  6792 | D:6      | Identified the +0 pair of gloves of the Last Bones {Will+
                  | rCorr Str+2 Dex-5}
  6796 | D:5      | Noticed Grinder
  6804 | D:6      | Reached skill level 4 in Transmutations
  7020 | D:6      | Noticed a kobold demonologist
  7470 | D:7      | Learned a level 3 spell: Spider Form
  7479 | D:7      | Reached * piety under Cheibriados
  7480 | D:7      | Reached skill level 5 in Transmutations
  7896 | D:7      | Reached skill level 6 in Transmutations
  7928 | D:7      | Found a glowing silver altar of Zin.
  8031 | D:7      | Noticed Harold
  8406 | D:8      | Noticed a tengu warrior
  8796 | D:6      | Reached XP level 9. HP: 56/56 MP: 12/12
  8926 | D:6      | Reached skill level 7 in Transmutations
  9290 | D:5      | Paralysed by Grinder for 6 turns
  9299 | D:5      | Killed Grinder
  9299 | D:5      | Reached ** piety under Cheibriados
  9954 | D:5      | Killed from afar by Pikel

Illustrated notes

Levels and vault maps discovered:
D:1:      minmay_arrival_widening_spiral_wide, layout_rooms, serial_shops,
          nicolae_shop_trees
D:2:      layout_loops_cross, ebering_ecumenical_altar_hall, serial_shops, shop,
          nrook_mini_vaults
D:3:      layout_loops_cross, general_overflow_altar, serial_shops,
          nicolae_shop_behind_doors
D:4:      layout_basic, hangedman_ru_absence, uniq_robin
D:5:      layout_loops_ring, minmay_temple_entry_mist, uniq_grinder,
          uniq_crazy_yiuf_cottage, uniq_pikel, uniq_ijyb
D:6:      layout_cave_pools, kennysheep_windowed_goal
D:7:      layout_basic, old_standard_altar, uniq_harold
D:8:      layout_rooms, tso_metal_star, david_lair_generic,
          hellmonk_guarded_unrand_lears
Temple:   nicolae_temple_x_marks_the_god

Skill      XL: |  1  2  3  4  5  6  7  8  9 |
---------------+----------------------------+-----
Stealth        | 1 |  1.0
Fighting       | 2 3 |  3.0
Unarmed Combat | 4 5 6 |  6.0
Ice Magic      | 3 5 6 |  6.9
Transmutations | 3 6 7 |  7.7
Dodging        | |  2.0
Spellcasting   | |  2.0

Action                   |  1- 3 |  4- 6 |  7- 9 || total
-------------------------+-------+-------+-------++-------
Melee: Unarmed           |    67 |   130 |   230 ||   427
       Constrict         |    23 |    33 |    28 ||    84
       Tentacles         |    12 |    32 |    26 ||    70
       Kick              |    18 |    39 |    56 ||   113
       Punch             |     1 |     6 |     4 ||    11
Throw: Dart              |       |    11 |       ||    11
 Cast: Beastly Appendage |    19 |    39 |    27 ||    85
       Wereblood         |       |     1 |     3 ||     4
       Ice Form          |       |       |    18 ||    18
  Use: Scroll            |       |     3 |     4 ||     7
       Potion            |       |       |     3 ||     3
 Stab: Sleeping          |     4 |     5 |     1 ||    10
Armor: Skin              |     2 |    10 |    44 ||    56
Dodge: Dodged            |    36 |    56 |   135 ||   227
